 Dungeon Crawl Stone Soup version 0.30-a0-125-g51eefa89be (webtiles) character file.

Game seed: 14165954324881494106

133 ThreePoint314 the Trooper (level 4, -1/36 HPs)
             Began as a Demonspawn Monk on Sept 18, 2022.
             Was an Initiate of Uskayaw.
             Slain by a black bear (2 damage)
             ... on level 4 of the Dungeon.
             The game lasted 00:04:22 (3159 turns).

ThreePoint314 the Trooper (Demonspawn Monk)         Turns: 3159, Time: 00:04:23

Health: -1/36      AC:  4    Str: 11    XL:     4   Next: 94%
Magic:  0/5        EV: 15    Int: 12    God:    Uskayaw [......]
Gold:   149        SH:  0    Dex: 17    Spells: 3/3 levels left

rFire   . . .      SeeInvis .    k - +0 dagger
rCold   . . .      Faith    .    (no shield)
rNeg    . . .      Spirit   .    h - +0 leather armour
rPois   .          Reflect  .    e - +0 helmet
rElec   .          Harm     .    (no cloak)
rCorr   .          Rampage  .    (no gloves)
Will    .....                    (no boots)
Stlth   ++........               (no amulet)
HPRegen 0.12/turn                (no ring)
MPRegen 0.09/turn                (no ring)

@: no status effects
A: repulsion field 1, demonic guardian 1
a: Renounce Religion


You were on level 4 of the Dungeon.
You worshipped Uskayaw.
Uskayaw was noncommittal.
You visited 1 branch of the dungeon, and saw 4 of its levels.

You collected 149 gold pieces.

Inventory:

Hand Weapons
 k - a +0 dagger (weapon)
Armour
 e - a +0 helmet (worn)
 h - a +0 leather armour (worn)
Jewellery
 d - a ring of fire
 s - a ring of fire
Scrolls
 c - 2 scrolls of fog {unknown}
 g - 3 scrolls of identify {unknown}
 n - a scroll of amnesia {unknown}
 o - a scroll of fear {unknown}
 q - a scroll of magic mapping {unknown}
Potions
 a - a potion of attraction {unknown}
 b - a potion of ambrosia
 f - a potion of magic {unknown}
 i - a potion of brilliance {unknown}
 l - a potion of curing {unknown}
 m - a potion of heal wounds {unknown}
 p - 2 potions of lignification {unknown}
 r - a potion of flight {unknown}


   Skills:
 + Level 3.6 Fighting
 * Level 1.9 Short Blades
 + Level 3.3 Dodging
 - Level 2.0 Stealth
 - Level 3.2 Unarmed Combat
 + Level 1.9 Invocations


You had 3 spell levels left.
You didn't know any spells.
Your spell library contained the following spells:

 Spells                   Type           Power      Damage    Failure   Level
 Blink                    Tloc           0%         N/A       54%         2
 Summon Guardian Golem    Hex/Summ       0%         N/A       78%         3
 Manifold Assault         Tloc           0%         N/A       99%         4
 Orb of Destruction       Conj           0%         9d5       100%        7
 Spellforged Servitor     Conj/Summ      0%         N/A       100%        7
 Storm Form               Tmut/Air       0%         N/A       100%        7


Dungeon Overview and Level Annotations

Branches:
Dungeon (4/15)
 Temple: D:4-7

Altars:
Uskayaw

Annotations:
D:3 Sigmund


Innate Abilities, Weirdness & Mutations

You are surrounded by a mild repulsion field. (EV +2)
A weak demonic guardian rushes to your aid.


Message History

You throw a poisoned dart.
The poisoned dart barely misses the black bear.
The black bear bites you! The black bear closely misses you. x2
Throw: 3 darts (poison)
Press: ? - help, Q - select action, (/) - cycle Shift-Dir - straight line, f/p - black bear
Aim: a black bear (moderately wounded, poisoned, 68% to hit)
You throw a poisoned dart. The poisoned dart hits the black bear.
The black bear looks even sicker.
The black bear is moderately wounded.
The black bear misses you.
The black bear claws you but does no damage. x2
Throw: 2 darts (poison)
Press: ? - help, Q - select action, (/) - cycle Shift-Dir - straight line, f/p - black bear
Aim: a black bear (moderately wounded, very poisoned, 68% to hit)
You throw a poisoned dart. The poisoned dart hits the black bear.
The black bear looks even sicker.
The black bear is moderately wounded.
The black bear completely misses you. The black bear misses you. x2
Throw: dart (poison)
Press: ? - help, Q - select action, (/) - cycle Shift-Dir - straight line, f/p - black bear
Aim: a black bear (moderately wounded, very poisoned, 68% to hit)
You throw a poisoned dart. The poisoned dart hits the black bear.
The black bear looks as sick as possible!
The black bear is moderately wounded.
The black bear bites you. The black bear misses you.
The black bear barely misses you.
The black bear goes berserk!
The black bear rages.
You hit the black bear but do no damage.
The black bear is severely wounded.
The black bear bites you!
* * * LOW HITPOINT WARNING * * *
A demonic guardian appears!
The black bear claws you.
* * * LOW HITPOINT WARNING * * *
The black bear barely misses you.
You stomp with the beat, sending a shockwave through the revellers around you!
The black bear is almost dead.
You can no longer stomp with the beat.
The black bear bites you.
You die...

...... .# #..#.
.# ##..#.#.#
....... #.()#
#.).#
#####..5#####
###......h....##.
.........@.......
#.........$.##.
#####...#####
#...# #...#
###...###
##.......#
#...#.##.#
#.....##.#


You could see a black bear (berserk, very poisoned, ally target) and a friendly
white imp (summoned).

Vanquished Creatures
  A jelly (D:2)
  Jessica (D:2)
  An adder (D:2)
  A worm (D:3)
  2 orcs
  7 ball pythons
  2 bats (D:1)
  8 endoplasms
  4 giant cockroaches
  5 goblins
  4 hobgoblins (D:1)
  5 jackals (D:1)
  5 quokkas
  2 frilled lizards (D:1)
  7 kobolds
  2 rats
57 creatures vanquished.

Vanquished Creatures (others)
  64 plants (D:2)
64 creatures vanquished.

Grand Total: 121 creatures vanquished

Notes
Turn   | Place    | Note
-------+----------+-------------------------------------------
     0 | D:1      | ThreePoint314 the Demonspawn Monk began the quest for the
                  | Orb.
     0 | D:1      | Reached XP level 1. HP: 18/18 MP: 1/1
    79 | D:1      | Found a faded altar of an unknown god.
    91 | D:1      | Prayed at the altar of an unknown god.
    91 | D:1      | Became a worshipper of Uskayaw the Reveller
    91 | D:1      | Reached * piety under Uskayaw
    91 | D:1      | Reached ** piety under Uskayaw
   104 | D:1      | Reached *** piety under Uskayaw
   128 | D:1      | Gained mutation: A weak demonic guardian rushes to your
                  | aid. [demonic ancestry]
   128 | D:1      | Reached XP level 2. HP: 18/24 MP: 2/2
   288 | D:1      | You fall into a shaft and drop 1 floor!
   942 | D:1      | Reached XP level 3. HP: 27/29 MP: 3/3
  1724 | D:2      | Reached skill level 1 in Short Blades
  1724 | D:2      | Reached skill level 1 in Invocations
  1724 | D:2      | Gained mutation: You are surrounded by a mild repulsion
                  | field. (EV +2) [demonic ancestry]
  1724 | D:2      | Reached XP level 4. HP: 4/35 MP: 0/4
  2178 | D:2      | Noticed Jessica
  2193 | D:2      | Killed Jessica
  2892 | D:3      | Noticed Sigmund
  3141 | D:4      | Noticed a black bear
  3158 | D:4      | HP: 1/36 [black bear (3)]
  3159 | D:4      | Slain by a black bear

Illustrated notes

Levels and vault maps discovered:
D:1:      tarquinn_simple_flora_water_d, layout_basic,
          dreamdust_ecumenical_altar_angels_and_demons, minmay_domino_2
D:2:      layout_basic, serial_bayou, serial_bayou_pond_b,
          serial_bayou_crossing, serial_bayou_pond_e, serial_bayou_lake_a,
          serial_bayou_lagoon_a, uniq_jessica
D:3:      layout_loops_corners, minivault_5, minmay_misc_feat_rugged, uniq_ijyb,
          uniq_sigmund
D:4:      layout_loops_cross, chequers_serial_rivers_marsh

Skill      XL: |  1  2  3 |
---------------+----------+-----
Stealth        | 2 |  2.0
Unarmed Combat | 3 |  3.2
Dodging        | 3 |  3.3
Short Blades   | 1 |  1.9
Invocations    | 1 |  1.9
Fighting       | |  3.6

Action                   |  1- 3 |  4- 6 || total
-------------------------+-------+-------++-------
Melee: Unarmed           |    78 |       ||    78
       Punch             |     3 |     3 ||     6
       Dagger            |    80 |   109 ||   189
Throw: Dart              |     3 |    10 ||    13
Invok: Stomp             |     1 |     4 ||     5
 Stab: Sleeping          |     3 |     3 ||     6
       Paralysed         |     1 |       ||     1
Armor: Robe              |     9 |       ||     9
       Leather armour    |    38 |    22 ||    60
Dodge: Dodged            |   105 |    57 ||   162

Table legend: (Time is in decaauts)
 A = Elapsed time spent in this place.
 B = Non-inter-level travel time spent in this place.
 C = Inter-level travel time spent in this place.
 D = Time resting spent in this place.
 E = Time spent auto-exploring this place.
 F = Levels seen in this place.
 G = Mean time per level.
                   A        B        C        D        E       F      G
               +--------+--------+--------+--------+--------+-----+--------+
         Total |   3232 |   3102 |    130 |    489 |   1895 |   4 |  808.0 |
       Dungeon |   3232 |   3102 |    130 |    489 |   1895 |   4 |  808.0 |
               +--------+--------+--------+--------+--------+-----+--------+

Top non-repeatable levels by time:
     D:2: 1660 daAuts
     D:1: 1360 daAuts
     D:3: 116 daAuts
     D:4: 95 daAuts
